 Dungeon Crawl Stone Soup version 0.20.0-15-g7f486f2 (webtiles) character file.

49 NullDivider the Insei (level 3, 24/24 HPs)
             Began as an Octopode Transmuter on June 27, 2017.
             Got out of the dungeon alive.
             The game lasted 00:18:31 (1816 turns).

NullDivider the Insei (Octopode Transmuter)         Turns: 1816, Time: 00:18:31

Health: 24/24      AC:  1    Str:  9    XL:     3   Next: 75%
Magic:  6/6        EV: 13    Int: 16    God:
Gold:   116        SH:  0    Dex: 12    Spells: 2/6 levels left

rFire    . . .     SeeInvis .     - Unarmed
rCold    . . .     Gourm    .   (no shield)
rNeg     . . .     Faith    .   (helmet restricted)
rPois    .         Spirit   .   (no amulet)
rElec    .         Reflect  .   e - ring of flight
rCorr    .         Harm     .   (no ring)
MR       .....                  (no ring)
Stlth    ++........             (no ring)
Regen    0.1/turn               (no ring)
MPRegen  0.1/turn               (no ring)
                                (no ring)
                                (no ring)

@: no status effects
A: almost no armour, stealthy swim, amphibious, 8 rings, constrict 8, camouflage
1, gelatinous body 1
a: Evoke Flight


You escaped.
You were not hungry.

You visited 1 branch of the dungeon, and saw 3 of its levels.

You collected 116 gold pieces.

Inventory:

Missiles
 a - 12 arrows
Jewellery
 e - a ring of flight (left tentacle)
Scrolls
 f - 2 scrolls of teleportation
 g - a scroll of fear {unknown}
 i - 2 scrolls of recharging {unknown}
 j - a scroll of identify {unknown}
 p - 4 scrolls of remove curse
 r - a scroll of amnesia {unknown}
Potions
 d - 3 potions of curing {unknown}
 h - a potion of mutation {unknown}
 k - a potion of magic {unknown}
 l - a potion of heal wounds {unknown}
 m - a potion of might {unknown}
 o - a potion of resistance {unknown}
 q - a potion of agility {unknown}
Books
 b - a book of Changes

   Spells                             Type                      Level
   a - Beastly Appendage              Transmutation                1
   b - Sticks to Snakes               Transmutation                2
   c - Spider Form                    Transmutation/Poison         3
   d - Ice Form                       Ice/Transmutation            4
   e - Blade Hands                    Transmutation                5
 s - a book of Callings

   Spells                             Type                      Level
   a - Summon Small Mammal            Summoning                    1
   b - Call Imp                       Summoning                    2
   c - Call Canine Familiar           Summoning                    3
   d - Summon Guardian Golem          Hexes/Summoning              3
   e - Summon Lightning Spire         Summoning/Air                4
   f - Summon Ice Beast               Ice/Summoning                4
Comestibles
 n - a meat ration


   Skills:
 + Level 1.8 Fighting
 + Level 2.5 Dodging
 + Level 3.2 Unarmed Combat
 + Level 2.3 Spellcasting
 + Level 2.5 Transmutations


You had 2 spell levels left.
You knew the following spells:

 Your Spells              Type           Power        Failure   Level  Hunger
a - Beastly Appendage     Tmut           ##....       7%          1    #......
b - Spider Form           Tmut/Pois      #.........   34%         3    ###....


Dungeon Overview and Level Annotations

Branches:
Dungeon (3/15)

Altars:


Innate Abilities, Weirdness & Mutations

You cannot wear most types of armour.
You are very stealthy in the water. (Stealth+)
You are amphibious.
You can wear up to eight rings at the same time.
You can use your tentacles to constrict eight enemies at once.
Your skin changes colour to match your surroundings (Stealth+).
Your rubbery body absorbs attacks. (AC +1, EV +1)


Message History

There is a stone staircase leading up here.
You climb upwards.
There is a stone staircase leading down here.
Things that are here:
5 stones; a short sword
There is a stone staircase leading up here.
You climb upwards.
There is a stone staircase leading down here.
There is an open door here.
There is a staircase leading out of the dungeon here.
Are you sure you want to leave the Dungeon?
This will make you lose the game! [Y]es or [N]o only, please.
Are you sure you want to leave the Dungeon?
This will make you lose the game! [Y]es or [N]o only, please.
Are you sure you want to leave the Dungeon?
This will make you lose the game! [Y]es or [N]o only, please.
Are you sure you want to leave the Dungeon?
This will make you lose the game! [Y]es or [N]o only, please.
Are you sure you want to leave the Dungeon?
This will make you lose the game!
You have escaped!

#.# #.###.#. #.#
#.###.#.
###########.####...#...
#............#.....###.
#.####'####..#.#...# #.
#.#.......##.#.#...# #(
#.#.8.8.8.#..#.....####
#.#.......#.######.....
#.'.8.@.8.'.........###
###......)#.#######...#
#.8.8.8.#.# #.###
#.......#.# #...)
####+####.# #.#.#
#......# #.#.. ########
###.# #.# ###


There were no monsters in sight!

Vanquished Creatures
  An ooze (D:3)
  A leopard gecko (D:2)
  3 orcs
  A giant cockroach (D:1)
  3 goblins (D:2)
  6 hobgoblins
  4 jackals (D:1)
  5 kobolds
  3 bats
  5 frilled lizards
  5 rats
37 creatures vanquished.

Notes
Turn   | Place    | Note
-------+----------+-------------------------------------------
     0 | D:1      | NullDivider the Octopode Transmuter began the quest for the Orb.
     0 | D:1      | Reached XP level 1. HP: 13/13 MP: 3/3
   232 | D:1      | Reached XP level 2. HP: 14/18 MP: 5/5
   883 | D:2      | Reached XP level 3. HP: 21/23 MP: 6/6
  1403 | D:2      | Learned a level 3 spell: Spider Form
  1816 | D:$      | Got out of the dungeon alive.

Action                   || total
-------------------------++-------
Melee: Unarmed           ||    93
       Constrict         ||    26
       Tentacles         ||    19
       Kick              ||     3
       Punch             ||     1
 Cast: Beastly Appendage ||     1
  Use: Scroll            ||     2
 Stab: Sleeping          ||     5
       Distracted        ||     1
  Eat: Chunk             ||     2
       Bread ration      ||     1
Armor: Skin              ||     5
Dodge: Dodged            ||    50
